[ PARTIDA AOE2 · #477103707 ]
1v1 RMJaponeses vs Tupi
Equipo del jugador · VICT
Equipo rival · DERR
[ ANÁLISIS DE REPETICIÓN · EXTRAÍDO DE LA PARTIDA GRABADA ]
Feudal
8:52
Castillos
—
Imperial
—
| APM promedio | 85.4 |
| APM pico | 103 |
| eAPM promedio | 33.3 |
| Aldeanos / militares | 24 / 9 |
Foco
⚔️ 12.4% · 🌾 87.6%
Scout Cavalry ×5 · Skirmisher ×3 · Archer ×1
Feudal
8:26
Castillos
—
Imperial
—
| APM promedio | 78.4 |
| APM pico | 90 |
| eAPM promedio | 20.3 |
| Aldeanos / militares | 26 / 6 |
Foco
⚔️ 41.9% · 🌾 58.1%
Archer ×5 · Spearman ×1
Mapa de la partida
Recursos al inicio + cada clic de construcción. Línea gruesa = muro · recuadro discontinuo = muro de casas detectado. 🟡 oro · ⚪ piedra · 🟢 bayas · 🔶 jabalí · ⭕ reliquia
Tu base· Abierta — hueco de 8t
Base de :(· Abierta — flanco sin cerrar
Terreno con relieve · ⚠ = hueco de muro detectado · pasá el cursor para detalles
Inputs por minuto
— DontcareaboutMETA - - :(
Build order — DontcareaboutMETA
53 acciones detectadas en el replay
| 0:00 | Crear | Villager (Male) |
| 0:01 | Construir | House |
| 0:03 | Construir | House |
| 0:05 | Crear | Villager (Male) |
| 0:05 | Crear | Villager (Male) |
| 0:10 | Crear | Villager (Male) |
| 1:25 | Crear | Villager (Male) |
| 1:45 | Construir | Lumber Camp |
| 2:05 | Crear | Villager (Male) |
| 2:16 | Crear | Villager (Male) |
| 2:16 | Crear | Villager (Male) |
| 2:43 | Crear | Villager (Male) |
| 2:43 | Crear | Villager (Male) |
| 3:12 | Crear | Villager (Male) |
| 3:31 | Crear | Villager (Male) |
| 3:41 | Construir | House |
| 4:10 | Construir | Mill |
| 4:32 | Crear | Villager (Male) |
| 4:33 | Crear | Villager (Male) |
| 4:52 | Crear | Villager (Male) |
| 5:46 | Investigar | Loom |
| 5:48 | Crear | Villager (Male) |
| 6:09 | Investigar | Loom |
| 6:42 | Investigar | Feudal Age |
| 6:50 | Construir | Barracks |
| 7:25 | Construir | House |
| 7:41 | Construir | House |
| 8:01 | Crear | Villager (Male) |
| 8:01 | Crear | Villager (Male) |
| 8:52 | Edad | Edad Feudal |
| 8:54 | Construir | Stable |
| 8:57 | Investigar | Double-Bit Axe |
| 9:28 | Construir | Archery Range |
| 9:36 | Crear | Scout Cavalry |
| 9:37 | Crear | Villager (Male) |
| 9:55 | Crear | Villager (Male) |
| 10:06 | Construir | House |
| 10:10 | Crear | Scout Cavalry |
| 10:18 | Construir | Farm |
| 10:24 | Crear | Skirmisher |
| 10:29 | Crear | Villager (Male) |
| 10:39 | Crear | Villager (Male) |
| 10:40 | Crear | Scout Cavalry |
| 10:49 | Crear | Archer |
| 11:00 | Construir | Farm |
| 11:23 | Construir | Blacksmith |
| 11:30 | Crear | Scout Cavalry |
| 11:31 | Crear | Villager (Male) |
| 11:38 | Construir | Mill |
| 11:46 | Crear | Skirmisher |
| 12:10 | Crear | Skirmisher |
| 12:17 | Crear | Scout Cavalry |
| 12:46 | Crear | Villager (Male) |
Build order — :(
65 acciones detectadas en el replay
| 0:01 | Crear | Villager (Male) |
| 0:01 | Crear | Villager (Male) |
| 0:02 | Construir | House |
| 0:03 | Construir | House |
| 0:04 | Crear | Villager (Male) |
| 0:04 | Crear | Villager (Male) |
| 0:54 | Crear | Villager (Male) |
| 1:28 | Crear | Villager (Male) |
| 1:54 | Construir | Settlement |
| 2:02 | Crear | Villager (Male) |
| 2:40 | Crear | Villager (Male) |
| 2:40 | Crear | Villager (Male) |
| 3:03 | Crear | Villager (Male) |
| 3:43 | Crear | Villager (Male) |
| 3:43 | Crear | Villager (Male) |
| 4:25 | Crear | Villager (Male) |
| 4:56 | Crear | Villager (Male) |
| 5:10 | Crear | Villager (Male) |
| 5:35 | Investigar | Loom |
| 6:13 | Investigar | Feudal Age |
| 6:26 | Construir | Barracks |
| 6:56 | Construir | Settlement |
| 7:16 | Construir | Palisade Wall |
| 7:17 | Construir | Palisade Wall |
| 7:17 | Construir | Palisade Wall |
| 7:17 | Construir | Palisade Wall |
| 7:29 | Construir | Palisade Wall |
| 7:30 | Construir | Palisade Wall |
| 7:43 | Construir | House |
| 7:45 | Construir | Palisade Wall |
| 8:04 | Construir | Palisade Wall |
| 8:05 | Construir | Palisade Wall |
| 8:06 | Construir | Palisade Wall |
| 8:07 | Construir | Palisade Wall |
| 8:07 | Construir | Palisade Wall |
| 8:08 | Construir | Palisade Wall |
| 8:25 | Crear | Villager (Male) |
| 8:26 | Edad | Edad Feudal |
| 8:29 | Crear | Villager (Male) |
| 8:31 | Construir | Archery Range |
| 8:34 | Investigar | Double-Bit Axe |
| 9:01 | Crear | Spearman |
| 9:19 | Crear | Villager (Male) |
| 9:24 | Crear | Archer |
| 9:41 | Construir | Settlement |
| 9:46 | Crear | Villager (Male) |
| 9:47 | Crear | Archer |
| 9:59 | Crear | Archer |
| 10:15 | Crear | Villager (Male) |
| 10:15 | Crear | Villager (Male) |
| 10:29 | Crear | Villager (Male) |
| 10:32 | Construir | Farm |
| 10:33 | Construir | Farm |
| 10:50 | Construir | Farm |
| 10:52 | Construir | Farm |
| 11:04 | Crear | Villager (Male) |
| 11:07 | Crear | Villager (Male) |
| 11:13 | Crear | Archer |
| 11:19 | Construir | Farm |
| 11:35 | Construir | Farm |
| 12:08 | Crear | Archer |
| 12:09 | Crear | Villager (Male) |
| 12:09 | Crear | Villager (Male) |
| 12:15 | Construir | Farm |
| 12:16 | Construir | Farm |
Cronología de la partida
| 6:26 | :( · first_building Barracks |
| 6:50 | DontcareaboutMETA · first_building Barracks |
| 7:16 | :( · wall_segment Palisade Wall x1 |
| 7:17 | :( · wall_segment Palisade Wall x1 |
| 7:17 | :( · wall_segment Palisade Wall x1 |
| 7:17 | :( · wall_segment Palisade Wall x1 |
| 7:29 | :( · wall_segment Palisade Wall x1 |
| 7:30 | :( · wall_segment Palisade Wall x1 |
| 7:45 | :( · wall_segment Palisade Wall x1 |
| 8:04 | :( · wall_segment Palisade Wall x1 |
| 8:05 | :( · wall_segment Palisade Wall x1 |
| 8:06 | :( · wall_segment Palisade Wall x1 |
| 8:07 | :( · wall_segment Palisade Wall x1 |
| 8:07 | :( · wall_segment Palisade Wall x1 |
| 8:08 | :( · wall_segment Palisade Wall x1 |
| 8:26 | :( · age_up feudal |
| 8:31 | :( · first_building Archery Range |
| 8:52 | DontcareaboutMETA · age_up feudal |
| 8:54 | DontcareaboutMETA · first_building Stable |
| 9:28 | DontcareaboutMETA · first_building Archery Range |
| 12:47 | :( · resign |
[ ANÁLISIS IA · 1 CRÉDITO ]
¿Qué pasó realmente en esta partida?
Wolo.gg analiza cada decisión: build order, eco, micro, errores típicos por bracket. Análisis personalizado por WhatsApp o Discord en 30 segundos.
Guía civ
Japoneses
Guía mapa
Land Madness
Perfil
Jugador #472773